 Dungeon Crawl Stone Soup version 0.30-a0-857-gcaf70739d4 (webtiles) character file.

Game seed: 10786565073776543334

70 Esekla the Sneak (level 4, -14/31 HPs)
             Began as an Octopode Delver on Mar 6, 2023.
             Was an Initiate of Gozag.
             Demolished by an ogre
             ... wielding a +0 giant spiked club
              (29 damage)
             ... on level 5 of the Dungeon.
             The game lasted 00:04:45 (234 turns).

Esekla the Sneak (Octopode Delver)                   Turns: 234, Time: 00:04:45

Health: -14/31     AC:  1    Str: 11    XL:     4   Next: 21%
Magic:  5/5        EV: 13    Int: 14    God:    Gozag
Gold:   6          SH:  0    Dex: 13    Spells: 5/5 levels left

rFire   . . .      SeeInvis .    a - +0 falchion
rCold   . . .      Faith    .    (no shield)
rNeg    . . .      Spirit   .    (helmet restricted)
rPois   .          Reflect  .    (no amulet)
rElec   .          Rampage  .    (no ring)
rCorr   .                        (no ring)
Will    .....                    (no ring)
Stlth   +++++                    (no ring)
HPRegen 0.25/turn                (no ring)
MPRegen 0.09/turn                (no ring)
                                 (no ring)
                                 (no ring)

@: no status effects
A: almost no armour, amphibious, 8 rings, camouflage 1, gelatinous body 1,
(nimble swimmer 1), tentacles
a: Renounce Religion, Potion Petition, Call Merchant, Bribe Branch


You were on level 5 of the Dungeon.
You worshipped Gozag.
Gozag was noncommittal.
You visited 1 branch of the dungeon, and saw 1 of its levels.

You collected 17 gold pieces.
You paid 11 gold pieces to Gozag.

Inventory:

Hand Weapons
 a - a +0 falchion (weapon)
Wands
 f - a wand of digging (3)
Scrolls
 b - a scroll of fog


   Skills:
 * Level 3.3 Fighting
 * Level 2.4 Long Blades
 * Level 2.3 Dodging
 + Level 7.4 Stealth
 * Level 1.0 Spellcasting
 * Level 0.9 Translocations


You had 5 spell levels left.
You didn't know any spells.
Your spell library contained the following spells:

 Spells                   Type           Power      Damage    Failure   Level
 Blink                    Tloc           6%         N/A       28%         2
 Manifold Assault         Tloc           3%         N/A       88%         4
 Storm Form               Tmut/Air       0%         N/A       100%        7


Dungeon Overview and Level Annotations

Branches:
Dungeon (5/15)
 Temple: D:4-7

Altars:
Gozag
Qazlal
Wu Jian


Innate Abilities, Weirdness & Mutations

You cannot wear most types of armour.
You are amphibious.
You can wear up to eight rings at the same time.
Your skin changes colour to match your surroundings (Stealth+).
Your rubbery body absorbs attacks. (AC +1, EV +1)
((You are camouflaged when in or above water. (Stealth+)))
You have tentacles for arms and can constrict up to eight enemies at once.


Message History

Your Spellcasting skill increases to level 1!
You have reached level 4!
The ogre seems to regain its courage.
The ogre closely misses you.
Your extra speed is starting to run out.
You feel yourself slow down.
Found a scroll labelled OCAFFE SYSORCHI.
There is an open door here.
You close the door.
An ogre opens the door.
There is an opulent altar of Gozag here.
You curl up in front of the altar of Gozag.
Gozag welcomes you!
You pay a service fee of 11 gold.
The air fills with toxic fumes!
As you read the scroll labelled TAEGIM EXAUPLE, it crumbles to dust.
It was a scroll of poison.
It was a potion of curing.
You feel better.
You aren't carrying any potions.
Okay, then.
This spell is quite dangerous to cast!
Memorise Blink, consuming 2 spell levels and leaving 3?
You start memorising the spell.
You continue memorising.
The ogre hits you with a +0 giant spiked club!!
Your memorisation is interrupted.
Ouch! That really hurt!
You slash the ogre! You squeeze the ogre, but do no damage.
The ogre is moderately wounded.
You barely miss the ogre. You tentacle-slap the ogre.
The ogre is moderately wounded.
The ogre closely misses you.
You barely miss the ogre.
The ogre is moderately wounded.
The ogre completely misses you.
You hit the ogre. You squeeze the ogre.
The ogre is heavily wounded.
The ogre hits you with a +0 giant spiked club!!
Ouch! That really hurt!
You die...
Your body crumbles into a pile of gold.

#_# ##.## #...#
##...## #.....#
###.....###
###....8....###
##......#......###
_.....8###8†...O@#
##......#......###
,###....8....###
..,###.....###
....*#.....#######
....###...##.....##
....#.#..O#.......##
.....!##.##........#
.......#.#.........#


You could see an ogre.

Vanquished Creatures
  A hound (D:5)
  A sleepcap (D:5)
  An adder (D:5)
3 creatures vanquished.

Notes
Turn   | Place    | Note
-------+----------+-------------------------------------------
     0 | D:5      | Esekla the Octopode Delver began the quest for the Orb.
     0 | D:5      | Reached XP level 1. HP: 16/16 MP: 1/1
    36 | D:5      | Reached XP level 2. HP: 18/21 MP: 2/2
    65 | D:5      | Noticed an ogre
    72 | D:5      | Found an opulent altar of Gozag.
    76 | D:5      | Found an ornate altar of the Wu Jian Council.
    85 | D:5      | Found a stormy altar of Qazlal.
   122 | D:5      | Reached skill level 7 in Stealth
   122 | D:5      | Reached XP level 3. HP: 15/26 MP: 2/4
   163 | D:5      | Reached skill level 1 in Spellcasting
   163 | D:5      | Reached XP level 4. HP: 11/31 MP: 5/5
   210 | D:5      | Became a worshipper of Gozag Ym Sagoz the Greedy
   234 | D:5      | Demolished by an ogre

Illustrated notes

Levels and vault maps discovered:
D:5:      layout_rooms, minmay_overflow_temple_star_quad, grunt_ministairs_3,
          hangedman_abyss_or_decor_lesser_grid, uniq_grinder

Skill      XL: |  1  2  3 |
---------------+----------+-----
Stealth        | 7 |  7.4
Spellcasting   | 1 |  1.0
Fighting       | |  3.3
Long Blades    | |  2.4
Dodging        | |  2.3
Translocations | |  0.9

Action                     |  1- 3 |  4- 6 || total
---------------------------+-------+-------++-------
  Melee: Falchion          |    19 |     4 ||    23
         Constrict         |     4 |       ||     4
         Tentacles         |     3 |     2 ||     5
         Punch             |     1 |     1 ||     2
    Use: Scroll            |     3 |     1 ||     4
         Potion            |     1 |     1 ||     2
   Stab: Sleeping          |     1 |       ||     1
 Armour: Skin              |     2 |       ||     2
  Dodge: Dodged            |    13 |     3 ||    16

Table legend: (Time is in decaauts)
 A = Elapsed time spent in this place.
 B = Non-inter-level travel time spent in this place.
 C = Inter-level travel time spent in this place.
 D = Time resting spent in this place.
 E = Time spent auto-exploring this place.
 F = Levels seen in this place.
 G = Mean time per level.
                   A        B        C        D        E       F      G
               +--------+--------+--------+--------+--------+-----+--------+
         Total |    218 |    218 |      0 |      0 |      0 |   1 |  218.0 |
       Dungeon |    218 |    218 |      0 |      0 |      0 |   1 |  218.0 |
               +--------+--------+--------+--------+--------+-----+--------+

Top non-repeatable levels by time:
     D:5: 218 daAuts
